 Dungeon Crawl Stone Soup version 0.16-a0-3997-g61da7c2 (webtiles) character file.

85 Gronka the Shield-Bearer (level 4, -1/36 HPs)
             Began as a Human Fighter on Feb 13, 2015.
             Slain by a hobgoblin (4 damage)
             ... led by Robin
             ... on level 2 of the Dungeon.
             The game lasted 00:03:33 (1234 turns).

Gronka the Shield-Bearer (Human Fighter)            Turns: 1234, Time: 00:03:33

Health: -1/36      AC:  9    Str: 17    XL:     4   Next: 75%
Magic:  4/4        EV:  7    Int:  8    God:
Gold:   44         SH:  9    Dex: 13    Spells: 0 memorised, 3 levels left

rFire  + . .     SeeInvis .     a - +0 long sword
rCold  x . .     Clarity  .     i - +3 scale mail
rNeg   . . .     SustAb   .     c - +0 shield
rPois  .         Gourm    .     (no helmet)
rElec  .         Spirit   .     (no cloak)
rCorr  .         Warding  .     (no gloves)
rMut   .         Stasis   .     (no boots)
MR     .....                    (no amulet)
Stlth  ..........               (no ring)
                                g - ring of fire

@: not resistant to hostile enchantments, extremely unstealthy
A: no striking features
a: no special abilities


You were on level 2 of the Dungeon.
You were not hungry.

You visited 1 branch of the dungeon, and saw 2 of its levels.

You collected 44 gold pieces.

Inventory:

Hand weapons
 a - a +0 long sword (weapon)
Armour
 b - a +0 scale mail
 c - a +0 shield (worn)
 i - a +3 scale mail (worn)
Jewellery
 g - a ring of fire (left hand)
Scrolls
 f - a scroll of random uselessness {unknown}
 j - 2 scrolls of identify {unknown}
 k - a scroll of magic mapping {unknown}
 l - 3 scrolls of remove curse {unknown}
 n - 2 scrolls of enchant armour {unknown}
 t - a scroll of amnesia {unknown}
 u - a scroll of blinking {unknown}
Potions
 e - a potion of might
 h - a potion of cancellation {unknown}
 m - 2 potions of flight {unknown}
 o - 2 potions of magic {unknown}
 p - 2 potions of haste {unknown}
 s - a potion of heal wounds {unknown}
Comestibles
 q - a slice of pizza


   Skills:
 + Level 3.6 Fighting
 + Level 2.2 Long Blades
 + Level 3.6 Armour
 + Level 1.1 Dodging
 + Level 3.7 Shields


You had 3 spell levels left.
You didn't know any spells.

Dungeon Overview and Level Annotations

Branches:
Dungeon (2/15)

Altars:

Annotations:
D:2 Robin


Message History

The goblin hits you but does no damage. The goblin hits you with a club.
* * * LOW HITPOINT WARNING * * *
The hobgoblin hits you with a club!
* * * LOW HITPOINT WARNING * * *
Drink which item? (? for menu, Esc to quit)
It was a potion of cure mutation.
It has a very clean taste.
You block the hobgoblin's attack. The goblin hits you but does no damage.
The goblin closely misses you. The goblin hits you but does no damage.
The goblin hits you but does no damage.
Drink which item? (? for menu, Esc to quit)
It has a very clean taste.
You block the hobgoblin's attack. The goblin hits you but does no damage.
The hobgoblin hits you but does no damage.
You block the goblin's attack. Robin hits you but does no damage.
The goblin hits you but does no damage. You block the goblin's attack.
The goblin hits you but does no damage.
Drink which item? (? for menu, Esc to quit)
Okay, then.
You hit the goblin but do no damage. The hobgoblin hits you.
You die...

..........####
..........##
#<........#
.......#..#
####..#..#
##....##
#######..#####
.......##gg...####
#.....gg@gw......
.......#ggg.......
................
.......#........
.......#........
.....##.......
.... #...... ...
#..... #..


You could see a worm, Robin, 2 hobgoblins and 5 goblins.

Vanquished Creatures
  An adder (D:2)
  A gnoll (D:1)
  A giant mite (D:2)
  2 giant geckos
  An ooze (D:2)
  8 bats
  5 giant cockroaches
  8 goblins
  7 hobgoblins
  2 jackals (D:2)
  7 kobolds
  2 giant newts
  8 rats
53 creatures vanquished.

Notes
Turn   | Place    | Note
--------------------------------------------------------------
     0 | D:1      | Gronka, the Human Fighter, began the quest for the Orb.
     0 | D:1      | Reached XP level 1. HP: 18/18 MP: 1/1
    83 | D:1      | Reached XP level 2. HP: 10/24 MP: 2/2
   310 | D:1      | Reached XP level 3. HP: 29/29 MP: 3/3
   978 | D:2      | Reached XP level 4. HP: 30/35 MP: 4/4
  1024 | D:2      | Reached skill level 1 in Dodging
  1219 | D:2      | Noticed Robin
  1234 | D:2      | Slain by a hobgoblin

Action                   |  1- 3 |  4- 6 || total
-------------------------+-------+-------++-------
Melee: Long sword        |   114 |    56 ||   170
  Use: Potion            |       |     2 ||     2
  Eat: Bread ration      |       |     1 ||     1
